 Dungeon Crawl Stone Soup version 0.29-a0-380-gf50f0a9fbc (webtiles) character file.

Game seed: 6063751382406991726

9367 Antichthon the Carver (level 11, -5/83 HPs)
             Began as a Formicid Abyssal Knight on May 5, 2022.
             Was an Elder of Lugonu.
             Slain by a skeletal warrior
             ... wielding a +0 war axe
              (14 damage)
             ... on level 11 of the Dungeon.
             The game lasted 00:22:04 (11463 turns).

Antichthon the Carver (Formicid Abyssal Knight)    Turns: 11463, Time: 00:22:05

Health: -5/83      AC: 17    Str: 20    XL:     11   Next: 73%
Magic:  0/15       EV: 11    Int: 13    God:    Lugonu [****..]
Gold:   527        SH: 10    Dex: 15    Spells: 10/10 levels left

rFire   . . .      SeeInvis +   a - +8 long sword of Doubt {freeze, Str-5 Int+6}
rCold   . . .      Faith    .   D - +0 kite shield
rNeg    . . .      Spirit   +   f - +0 swamp dragon scales
rPois   +          Reflect  .   (helmet unavailable)
rElec   +          Harm     .   z - +2 cloak {rCorr}
rCorr   +          Rampage  .   e - +0 pair of gloves
Will    +....                   (no boots)
Stlth   +++.......              n - amulet of guardian spirit
HPRegen 0.23/turn               g - +6 ring of strength
MPRegen 0.14/turn               t - +4 ring of protection

@: no status effects
A: permanent stasis, dig shafts and tunnels, antennae 3, four strong arms, dopey
1, electricity resistance
a: Dig, Shaft Self, Renounce Religion, Depart the Abyss, Bend Space, Banish,
Corrupt


You were on level 11 of the Dungeon.
You worshipped Lugonu.
Lugonu was greatly pleased with you.
You visited 1 branch of the dungeon, and saw 11 of its levels.
You visited the Abyss 1 time.
You also visited: Sewer.

You collected 633 gold pieces.
You spent 106 gold pieces at shops.

Inventory:

Hand Weapons
 a - the +8 long sword of Doubt (weapon) {freeze, Str-5 Int+6}
   (You found it on level 5 of the Dungeon)

   It freezes those it strikes, dealing additional cold damage.
   It can also slow down cold-blooded creatures.
   Str:       It affects your strength (-5).
   Int:       It affects your intelligence (+6).
 B - a +0 broad axe of flaming
Armour
 e - a +0 pair of gloves (worn)
 f - +0 swamp dragon scales (worn)
 z - a +2 cloak of preservation (worn)
 D - a +0 kite shield (worn)
Jewellery
 g - a +6 ring of strength (left hand)
 n - an amulet of guardian spirit (around neck)
 t - a +4 ring of protection (right hand)
Wands
 c - a wand of polymorph (7)
 m - a wand of flame (4) (quivered)
 y - a wand of paralysis (12)
Scrolls
 i - a scroll of torment
 j - a scroll of vulnerability
 k - 3 scrolls of brand weapon
 p - 2 scrolls of fog
 q - 4 scrolls of amnesia
 v - 3 scrolls of poison
 w - 3 scrolls of fear
 A - a scroll of silence
 E - a scroll of enchant armour
 F - a scroll of identify
Potions
 b - 2 potions of attraction
 d - 3 potions of ambrosia
 h - a potion of flight
 l - 2 potions of invisibility
 o - 3 potions of curing
 r - a potion of resistance
 s - 2 potions of brilliance
 u - a potion of cancellation {unknown}
 x - 4 potions of might


   Skills:
 * Level 6.7 Fighting
 * Level 9.5 Long Blades
 * Level 7.1 Crossbows
 * Level 6.6 Armour
 * Level 4.6 Dodging
 * Level 6.1 Stealth
 * Level 5.4 Shields
 * Level 5.9 Invocations
 * Level 4.8 Evocations


You had 10 spell levels left.
You didn't know any spells.
Your spell library contained the following spells:

 Spells                   Type           Power      Damage    Failure   Level
 Magic Dart               Conj           0%         1d3       73%         1
 Ensorcelled Hibernation  Hex/Ice        0%         N/A       86%         2
 Passwall                 Tmut/Erth      0%         N/A       86%         2
 Searing Ray              Conj           0%         2d4       86%         2
 Dazzling Flash           Conj/Hex       0%         N/A       97%         3
 Gell's Gravitas          Tloc           0%         N/A       97%         3
 Spider Form              Tmut/Pois      0%         N/A       97%         3
 Summon Guardian Golem    Hex/Summ       0%         N/A       97%         3
 Teleport Other           Tloc           0%         N/A       97%         3
 Anguish                  Hex/Necr       0%         N/A       100%        4
 Fulminant Prism          Conj/Hex       0%         3d6       100%        4
 Iskenderun's Mystic Bla  Conj/Tloc      0%         2d3       100%        4
 Agony                    Necr           0%         N/A       100%        5
 Blade Hands              Tmut           0%         N/A       100%        5
 Irradiate                Conj/Tmut      0%         3d13      100%        5
 Silence                  Hex/Air        0%         N/A       100%        5
 Dispersal                Tloc           0%         N/A       100%        6
 Starburst                Conj/Fire      0%         6d3       100%        6
 Dragon Form              Tmut           0%         N/A       100%        7
 Orb of Destruction       Conj           0%         9d5       100%        7
 Spellforged Servitor     Conj/Summ      0%         N/A       100%        7
 Swiftness                Air            Unusable   N/A       N/A         3

Dungeon Overview and Level Annotations

Branches:
Dungeon (11/15)            Temple (0/1) D:7           Sewer (visited)
   Lair: D:8-11         Orc: D:9-12

Altars:
Dithmenos
Fedhas
Gozag
Hepliaklqana
Kikubaaqudgha
Okawaru
Qazlal
Vehumet
Xom
Yredelemnul

Shops:
D:4 *   D:9 =

Annotations:
D:3 2 transporters, sirJeffrey23's ghost, amateur DsMo
D:9 3 runed translucent doors


Innate Abilities, Weirdness & Mutations

You cannot be hasted, slowed, berserked, paralysed or teleported.
You can dig through walls and to a lower floor.
You have a pair of large antennae on your head. (SInv)
Your four strong arms can wield two-handed weapons with a shield.
You are dopey. (Int -2)
You are resistant to electric shocks. (rElec)


Message History

You hit the skeletal warrior but do no damage.
The skeletal warrior is heavily damaged.
The skeletal warrior barely misses you.
You hit the skeletal warrior. You freeze the skeletal warrior.
The skeletal warrior is heavily damaged.
The skeletal warrior hits you with a +0 war axe!
You hit the skeletal warrior but do no damage.
The skeletal warrior is heavily damaged.
The skeletal warrior hits you but does no damage.
The skeletal warrior hits you with a +0 war axe!
* * * LOW HITPOINT WARNING * * *
You hit the skeletal warrior. You freeze the skeletal warrior.
The skeletal warrior is heavily damaged.
You block the skeletal warrior's attack.
You feel much better.
The skeletal warrior hits you with a +0 war axe!
You hit the skeletal warrior but do no damage.
The skeletal warrior is heavily damaged.
You block the skeletal warrior's attack.
You hit the skeletal warrior but do no damage.
The skeletal warrior is heavily damaged.
The skeletal warrior hits you with a +0 war axe!
You hit the skeletal warrior but do no damage.
The skeletal warrior is heavily damaged.
The skeletal warrior closely misses you.
You hit the skeletal warrior but do no damage.
The skeletal warrior is heavily damaged.
The skeletal warrior hits you with a +0 war axe!
* * * LOW HITPOINT WARNING * * *
You hit the skeletal warrior.
The skeletal warrior is heavily damaged.
The skeletal warrior hits you with a +0 war axe!
* * * LOW HITPOINT WARNING * * *
You slash the skeletal warrior! You freeze the skeletal warrior.
The skeletal warrior is severely damaged.
The skeletal warrior closely misses you.
Unknown command.
You feel better.
The skeletal warrior hits you with a +0 war axe!
You die...

######### #.......# ##
####### #.......# #.
....../### #.......######.
.......'.# #.......##...'.
.......#.####.......#..###.
.......#.z@.#.......'.## #.
.......####.'.......### #.
....z.. ###.......# #.
....... #.......# #.
....... #.......# ##
####'## #.......# # {
###...### # #######.?##
#.........#


You could see a skeletal warrior.

Vanquished Creatures
  A boulder beetle (D:11)
  A skeletal warrior (D:10)
  Pikel (D:7)
  Joseph (D:7)
  Maggie (D:7)
  2 wraiths
  Sigmund (D:2)
  3 wyverns
  17 yaks
  3 steam dragons
  2 acid dragons
  A water moccasin (Sewer)
  Pargi (D:3)
  An orc warrior (D:7)
  2 black bears (D:5)
  An ogre (D:7)
  A sky beast (D:8)
  2 centaurs
  A lemure (D:7)
  2 phantoms
  4 bullfrogs
  4 necrophages
  2 gnoll sergeants
  2 scorpions (D:6)
  4 wights
  4 killer bees (D:10)
  6 howler monkeys (D:10)
  6 hounds
  A jelly (D:6)
  Crazy Yiuf (D:6)
  An orc priest (D:5)
  A gnoll shaman (D:7)
  4 orc wizards
  Ijyb (D:3)
  Natasha (thrice) (D:2)
  Terence (D:3)
  3 iguanas
  Robin (D:2)
  9 gnolls
  9 adders
  4 shadow imps
  A worm (D:5)
  3 dart slugs
  18 orcs
  15 bats
  8 endoplasms
  3 giant cockroaches (D:4)
  A hobgoblin (D:3)
  4 kobolds
  3 quokkas
  4 ball pythons
  A frilled lizard (D:1)
  17 goblins
  3 rats (D:3)
  A spectral goblin (D:8)
198 creatures vanquished.

Notes
Turn   | Place    | Note
-------+----------+-------------------------------------------
     0 | Abyss:1  | Antichthon the Formicid Abyssal Knight began the quest for
                  | the Orb.
     0 | Abyss:1  | Reached XP level 1. HP: 18/18 MP: 2/2
    53 | Abyss:1  | Noticed a jelly
    54 | D:1      | Escaped the Abyss
   257 | D:1      | Reached skill level 1 in Crossbows
   270 | D:1      | Reached XP level 2. HP: 24/24 MP: 3/3
   615 | D:1      | Reached ** piety under Lugonu
   993 | D:2      | Noticed Sigmund
  1038 | D:2      | Killed Sigmund
  1039 | D:2      | Reached skill level 5 in Crossbows
  1039 | D:2      | Reached XP level 3. HP: 13/29 MP: 4/4
  1039 | D:2      | Reached XP level 4. HP: 15/35 MP: 5/5
  1039 | D:2      | Reached XP level 5. HP: 18/41 MP: 6/6
  1283 | D:2      | Reached XP level 6. HP: 39/47 MP: 7/7
  1541 | D:2      | Noticed Natasha
  1552 | D:2      | Killed Natasha
  1611 | D:2      | Noticed Natasha
  1622 | D:2      | Killed Natasha
  1623 | D:2      | Reached skill level 1 in Dodging
  1865 | D:2      | Found an iron altar of Okawaru.
  1885 | D:2      | Noticed Robin
  1943 | D:2      | Killed Robin
  2127 | D:2      | Noticed a shining eye
  2133 | D:2      | Noticed a shining eye
  2136 | D:2      | Found a faded altar of an unknown god.
  2139 | D:2      | Noticed a golden eye
  2139 | D:2      | Noticed an eye of devastation
  2674 | D:2      | Noticed Natasha
  2691 | D:2      | Killed Natasha
  2958 | D:3      | Noticed Ijyb
  2959 | D:3      | Noticed Terence
  2987 | D:3      | Killed Ijyb
  2988 | D:3      | Reached skill level 1 in Stealth
  2988 | D:3      | Reached skill level 1 in Shields
  2988 | D:3      | Reached XP level 7. HP: 44/53 MP: 5/8
  2988 | D:3      | Killed Terence
  2989 | D:3      | Reached skill level 1 in Evocations
  3255 | D:3      | Noticed Pargi
  3294 | D:3      | Killed Pargi
  3294 | D:3      | Reached *** piety under Lugonu
  3295 | D:3      | Reached skill level 3 in Long Blades
  3572 | D:3      | Found a transporter.
  3574 | D:3      | Found a transporter.
  3574 | D:3      | Noticed sirJeffrey23's ghost (amateur DsMo)
  3728 | D:3      | Identified the +2 robe of Jotaicud {+Inv rC- rN+}
  4159 | D:4      | Found a glowing drain.
  4209 | Sewer    | Entered a sewer
  4257 | Sewer    | Noticed a water moccasin
  4270 | Sewer    | Killed a water moccasin
  4594 | D:4      | Reached XP level 8. HP: 60/60 MP: 10/10
  4645 | D:4      | Identified the +2 scale mail "Telaynik" {rN++ Stlth-}
  4716 | D:4      | Found a radiant altar of Vehumet.
  4765 | D:4      | Found a basalt altar of Yredelemnul.
  4825 | D:4      | Found Seacwuyjyd's Assorted Antiques.
  4828 | D:4      | Bought a scroll of identify for 56 gold pieces
  4828 | D:4      | Bought a grey potion for 25 gold pieces
  4828 | D:4      | Bought a metallic red potion for 25 gold pieces
  4921 | D:4      | Found an ancient bone altar of Kikubaaqudgha.
  4980 | D:5      | Entered Level 5 of the Dungeon
  5173 | D:5      | Reached skill level 4 in Long Blades
  5595 | D:5      | Found a stormy altar of Qazlal.
  5649 | D:5      | Identified the +8 long sword of Doubt {freeze, Str-5 Int+6}
  5901 | D:5      | Gained mutation: You have large cloven feet. [potion of
                  | mutation]
  5901 | D:5      | Gained mutation: Your mind is acute. (Int +2) [potion of
                  | mutation]
  5902 | D:5      | Lost mutation: You have large cloven feet. [potion of
                  | mutation]
  5902 | D:5      | Lost mutation: Your mind is acute. (Int +2) [potion of
                  | mutation]
  5902 | D:5      | Gained mutation: Armour fits poorly on your strangely
                  | shaped body. [potion of mutation]
  5902 | D:5      | Gained mutation: You are agile. (Dex +2) [potion of
                  | mutation]
  5902 | D:5      | Gained mutation: Potions are less effective at restoring
                  | your health. [potion of mutation]
  5903 | D:5      | Lost mutation: Armour fits poorly on your strangely shaped
                  | body. [potion of mutation]
  5903 | D:5      | Lost mutation: You are agile. (Dex +2) [potion of mutation]
  5903 | D:5      | Lost mutation: Potions are less effective at restoring your
                  | health. [potion of mutation]
  5903 | D:5      | Gained mutation: You are dopey. (Int -2) [potion of
                  | mutation]
  5903 | D:5      | Gained mutation: You are resistant to electric shocks.
                  | (rElec) [potion of mutation]
  6066 | D:6      | Reached XP level 9. HP: 55/66 MP: 11/11
  6116 | D:6      | Reached skill level 5 in Long Blades
  6276 | D:6      | Found a blossoming altar of Fedhas.
  6286 | D:6      | Reached **** piety under Lugonu
  6590 | D:6      | Found a runed translucent door.
  6591 | D:6      | Noticed Crazy Yiuf
  6856 | D:6      | Killed Crazy Yiuf
  6993 | D:7      | Noticed Joseph
  7007 | D:7      | Noticed Maggie
  7026 | D:7      | Killed Joseph
  7027 | D:7      | Reached skill level 6 in Long Blades
  7031 | D:7      | Killed Maggie
  7036 | D:7      | Reached skill level 5 in Fighting
  7036 | D:7      | Reached skill level 5 in Armour
  7041 | D:7      | Reached XP level 10. HP: 28/74 MP: 6/13
  7154 | D:7      | Reached skill level 7 in Long Blades
  7354 | D:7      | Noticed Pikel
  7366 | D:7      | Killed Pikel
  7394 | D:7      | Found a staircase to the Ecumenical Temple.
  7398 | D:7      | Identified the +8 whip of Qutuwnipp {venom, rN+ Int+7}
  7922 | D:8      | Found a shimmering altar of Xom.
  7936 | D:8      | Found a shadowy altar of Dithmenos.
  7941 | D:8      | Found an opulent altar of Gozag.
  7951 | D:8      | Reached skill level 8 in Long Blades
  8280 | D:8      | Found a hazy altar of Hepliaklqana.
  8694 | D:9      | Reached skill level 5 in Stealth
  8694 | D:9      | Reached skill level 5 in Invocations
  9059 | D:9      | Found Meun's Jewellery Boutique.
  9536 | D:9      | Reached XP level 11. HP: 69/81 MP: 12/14
  9975 | D:9      | Found a runed translucent gate.
  9975 | D:9      | Noticed a brown ugly thing
  9976 | D:9      | Found a runed translucent gate.
  9978 | D:9      | Noticed a cyan ugly thing
  9978 | D:9      | Noticed a white ugly thing
  9978 | D:9      | Noticed a white ugly thing
  9979 | D:9      | Found a runed translucent gate.
  9980 | D:9      | Noticed a red ugly thing
 10297 | D:10     | Entered Level 10 of the Dungeon
 10308 | D:10     | Reached skill level 9 in Long Blades
 10366 | D:10     | Reached skill level 5 in Shields
 10875 | D:11     | Noticed a skeletal warrior
 10875 | D:11     | Noticed a skeletal warrior
 10875 | D:11     | Noticed a skeletal warrior
 10875 | D:11     | Noticed a skeletal warrior
 10875 | D:11     | Noticed a skeletal warrior
 10891 | D:10     | Killed a skeletal warrior
 11093 | D:11     | Noticed a boulder beetle
 11142 | D:11     | Killed a boulder beetle
 11461 | D:11     | HP: 3/83 [skeletal warrior/+0 war axe (14)]
 11463 | D:11     | Slain by a skeletal warrior

Illustrated notes

Levels and vault maps discovered:
D:1:      dpeg_arrival_brainrot, layout_basic, serial_glass, glass_columns_a,
          glass_columns_b, due_unseen_surprise, minmay_strange_pillars,
          minmay_strange_pillars, serial_bayou_lagoon_b
D:2:      layout_loops_corners, hellmonk_ecumenical_altar_watching_god,
          basic_altar, uniq_natasha, uniq_robin, uniq_sigmund
D:3:      layout_rooms, gammafunk_ghost_arena, serial_park_tiny_1,
          dk_vineyard_3, uniq_pargi, uniq_terence, uniq_ijyb
D:4:      layout_basic, old_standard_altar, yredelemnul_altar_generic,
          old_standard_altar, serial_shops, kennysheep_mini_moat,
          gup_sewer_entry_glass
D:5:      layout_cave_pods, lemuel_round_altar
D:6:      layout_cave_pools, mainiacjoe_overflow_cross_hatched, minmay_holes,
          uniq_crazy_yiuf_cottage
D:7:      layout_rooms, temple_statues, ebering_dispersal_statue_hall,
          minmay_fractal_squares_5, uniq_joseph, uniq_maggie, uniq_pikel
D:8:      layout_basic, nicolae_hepliaklqana_monster_ancestors,
          xom_teletrap_fun, mainiacjoe_overflow_large_starburst
D:9:      layout_layer_cave, ploomutoo_gammafunk_ghost_potion_laboratory,
          serial_shops, shop
D:10:     layout_rooms, kennysheep_small_spiral, chequers_serial_rivers_marsh
D:11:     layout_roguey, lair_entry_dummy, david_orc_4, patterned_corridor

Skill      XL: |  1  2  3  4  5  6  7  8  9 10 11 |
---------------+----------------------------------+-----
Crossbows      | 1 5 6 7 |  7.1
Dodging        | 1 2 3 4 |  4.6
Stealth        | 1 3 4 5 6 |  6.1
Shields        | 1 2 3 4 5 |  5.4
Evocations     | 1 2 3 4 |  4.8
Long Blades    | 3 4 6 8 9 |  9.5
Armour         | 3 4 5 6 |  6.6
Fighting       | 4 5 6 |  6.7
Invocations    | 3 4 5 |  5.9

Action                   |  1- 3 |  4- 6 |  7- 9 | 10-12 || total
-------------------------+-------+-------+-------+-------++-------
Melee: Falchion          |    65 |   167 |   162 |       ||   394
       Punch             |     2 |       |     4 |     2 ||     8
       Long sword        |       |       |   121 |   342 ||   463
Invok: Depart the Abyss  |     1 |       |       |       ||     1
 Abil: Dig               |     1 |       |       |       ||     1
Evoke: Wand              |       |       |       |     9 ||     9
  Use: Potion            |     4 |     1 |     3 |     3 ||    11
       Scroll            |       |    10 |    11 |     4 ||    25
 Stab: Sleeping          |       |       |     1 |       ||     1
Armor: Chain mail        |    63 |    94 |       |       ||   157
       Skin              |    10 |     2 |     1 |       ||    13
       Ring mail         |       |    20 |       |       ||    20
       Leather armour    |       |       |    77 |       ||    77
       Scale mail        |       |       |    99 |    29 ||   128
       Swamp dragon scal |       |       |       |   123 ||   123
Dodge: Dodged            |    49 |    94 |   204 |   195 ||   542
Block: Buckler           |       |       |       |    24 ||    24
       Kite shield       |       |       |       |    82 ||    82

Table legend: (Time is in decaauts)
 A = Elapsed time spent in this place.
 B = Non-inter-level travel time spent in this place.
 C = Inter-level travel time spent in this place.
 D = Time resting spent in this place.
 E = Time spent auto-exploring this place.
 F = Levels seen in this place.
 G = Mean time per level.
                   A        B        C        D        E       F      G
               +--------+--------+--------+--------+--------+-----+--------+
         Total |  11588 |  11123 |    465 |   1073 |   7458 |  13 |  891.4 |
       Dungeon |  11221 |  10756 |    465 |    878 |   7390 |  11 | 1020.1 |
         Abyss |     54 |     54 |      0 |      0 |     52 |   1 |   54.0 |
         Sewer |    312 |    312 |      0 |    195 |     16 |   1 |  312.0 |
               +--------+--------+--------+--------+--------+-----+--------+

Top non-repeatable levels by time:
     D:2: 1859 daAuts
     D:9: 1469 daAuts
     D:3: 1337 daAuts
     D:6: 1000 daAuts
     D:8: 981 daAuts
     D:1: 952 daAuts
     D:7: 943 daAuts
     D:5: 890 daAuts
    D:10: 789 daAuts
     D:4: 613 daAuts
    D:11: 384 daAuts
   Sewer: 312 daAuts
 Abyss:1: 54 daAuts
